 Dungeon Crawl Stone Soup version 0.28-a0-851-g8b9cc49659 (webtiles) character file.

Game seed: 16674871111164672600

27 funkygono the Firebug (level 2, 0/15 HPs)
             Began as a Deep Elf Fire Elementalist on Nov 14, 2021.
             Slain by a goblin (3 damage)
             ... led by Robin
             ... on level 1 of the Dungeon.
             The game lasted 00:01:29 (1441 turns).

funkygono the Firebug (Deep Elf Fire Elementalist)  Turns: 1441, Time: 00:01:30

Health: 0/15       AC:  3    Str:  5    XL:     2   Next: 93%
Magic:  5/8        EV: 12    Int: 19    God:
Gold:   67         SH:  0    Dex: 15    Spells: 7/8 levels left

rFire   . . .      SeeInvis .   d - +0 dagger
rCold   . . .      Faith    .   (no shield)
rNeg    . . .      Spirit   .   a - +0 robe
rPois   .          Reflect  .   (no helmet)
rElec   .          Harm     .   (no cloak)
rCorr   .          Rampage  .   b - +0 pair of gloves
Will    .....                   (no boots)
Stlth   ++........              (no amulet)
HPRegen 0.05/turn               (no ring)
MPRegen 0.11/turn               (no ring)

@: very slightly contaminated
A: no striking features
a: no special abilities


You were on level 1 of the Dungeon.
You visited 1 branch of the dungeon, and saw 2 of its levels.

You collected 67 gold pieces.

Inventory:

Hand Weapons
 d - a +0 dagger (weapon)
Missiles
 i - 17 stones
Armour
 a - a +0 robe (worn)
 b - a +0 pair of gloves (worn)
Scrolls
 c - 2 scrolls of fear {unknown}
 g - a scroll of identify {unknown}
Potions
 e - a potion of invisibility {unknown}
 f - a potion of mutation {unknown}
 h - a potion of curing {unknown}


   Skills:
 + Level 2.5 Dodging
 - Level 2.4 Stealth
 * Level 3.5 Spellcasting
 * Level 1.4 Conjurations
 * Level 4.1 Fire Magic


You had 7 spell levels left.
You knew the following spells:

 Your Spells              Type           Power      Damage    Failure   Level
a - Foxfire               Conj/Fire      52%        2x1d6     4%          1

Your spell library contained the following spells:

 Spells                   Type           Power      Damage    Failure   Level
 Scorch                   Fire           38%        2d6       4%          2
 Conjure Flame            Conj/Fire      13%        6-21      14%         3
 Inner Flame              Hex/Fire       11%        N/A       19%         3
 Flame Wave               Conj/Fire      13%        3d5       43%         4


Dungeon Overview and Level Annotations

Branches:
Dungeon (2/15)

Altars:

Annotations:
D:2 Robin


Message History

Done waiting.
There is a stone staircase leading down here.
You climb downwards.
Level annotation: Robin The goblin hits you but does no damage.
The goblin barely misses you. The goblin hits you with a +0 club.
The rat misses you. The goblin misses you. x2
There is a stone staircase leading up, spattered with blood here.
Unknown command.
The goblin shouts! x2
The hobgoblin hits you. The goblin completely misses you.
The rat barely misses you. The goblin hits you with a +0 club.
The goblin hits you but does no damage. The goblin barely misses you.
You climb upwards.
There is a stone staircase leading down here.
Unknown command.
Casting: Foxfire (safe; 4% risk of failure)
Confirm with . or Enter, or press ? or * to list all spells.
You miscast Foxfire.
You are very lightly contaminated with residual magic.
Nothing appears to happen.
The hobgoblin closely misses you. The rat misses you.
The goblin barely misses you. The goblin hits you but does no damage.
The goblin barely misses you. The goblin closely misses you.
The goblin hits you with a +0 club. The goblin hits you with a +0 dagger.
Casting: Foxfire (safe; 4% risk of failure)
Confirm with . or Enter, or press ? or * to list all spells.
You conjure some foxfire!
The hobgoblin closely misses you. The rat closely misses you.
The goblin closely misses you.
The foxfire hits the goblin.
The goblin is severely wounded.
The goblin barely misses you.
The foxfire hits the goblin.
You kill the goblin!
The goblin closely misses you. x2
Casting: Foxfire (safe; 4% risk of failure)
Confirm with . or Enter, or press ? or * to list all spells.
You conjure some foxfire!
The goblin barely misses you. The hobgoblin hits you.
* * * LOW HITPOINT WARNING * * *
The goblin hits you with a +0 dagger.
You die...

#.........# #.#..####.#
#.#..# #.# ########
#.#..####'###### #.......
#.#..##........# #.######
#..............# #.# #...
#..............# #.# #...
#......)gvv....####.###...
#.......g@............'...
#.......gg#########.#.#...
####.....>).r.## #.#.#...
#.........)....# #.#.####
#.##.........#.# #.#.#
##'##.........#.#######.#.#
#...#....#'##.#.....[.#...#
#...######.##.#..####.#.#.#
#...# #.##.#.......#'#'####


You could see a hobgoblin (ally target), 3 goblins and a rat.

Vanquished Creatures
  A dart slug (D:1)
  3 ball pythons (D:1)
  An endoplasm (D:1)
  A giant cockroach (D:1)
  3 goblins (D:1)
  4 hobgoblins
  3 jackals (D:1)
  4 kobolds (D:1)
  A frilled lizard (D:1)
21 creatures vanquished.

Vanquished Creatures (others)
  71 foxfires
71 creatures vanquished.

Grand Total: 92 creatures vanquished

Notes
Turn   | Place    | Note
-------+----------+-------------------------------------------
     0 | D:1      | funkygono the Deep Elf Fire Elementalist began the quest
                  | for the Orb.
     0 | D:1      | Reached XP level 1. HP: 10/10 MP: 6/6
   224 | D:1      | Reached XP level 2. HP: 15/15 MP: 4/8
   790 | D:1      | Reached skill level 4 in Fire Magic
  1293 | D:2      | Noticed Robin
  1441 | D:1      | Slain by a goblin

Illustrated notes

Levels and vault maps discovered:
D:1:      dpeg_arrival_refuge, layout_basic, chequers_hall_statues_corner_a,
          kennysheep_boxes
D:2:      layout_rooms, basic_ecumenical_altar, basic_altar, uniq_robin

Skill      XL: |  1  2 |
---------------+-------+-----
Fire Magic     | 4 |  4.1
Dodging        | |  2.5
Stealth        | |  2.4
Spellcasting   | |  3.5
Conjurations   | |  1.4

Action                   || total
-------------------------++-------
Melee: Dagger            ||     1
 Cast: Foxfire           ||    43
Armor: Robe              ||     6
Dodge: Dodged            ||    25

Table legend: (Time is in decaauts)
 A = Elapsed time spent in this place.
 B = Non-inter-level travel time spent in this place.
 C = Inter-level travel time spent in this place.
 D = Time resting spent in this place.
 E = Time spent auto-exploring this place.
 F = Levels seen in this place.
 G = Mean time per level.
                   A        B        C        D        E       F      G
               +--------+--------+--------+--------+--------+-----+--------+
         Total |   1441 |   1421 |     20 |    232 |   1027 |   2 |  720.5 |
       Dungeon |   1441 |   1421 |     20 |    232 |   1027 |   2 |  720.5 |
               +--------+--------+--------+--------+--------+-----+--------+

Top non-repeatable levels by time:
     D:1: 1436 daAuts
     D:2: 5 daAuts
